 Dungeon Crawl Stone Soup version 0.29.1-2-gbd0b4ee654 (webtiles) character file.

Game seed: 3684095775524693931

7573 Lutefisk the Unseen (level 11, 0/63 HPs)
             Began as a Vine Stalker Brigand on Oct 28, 2022.
             Was a Priest of Makhleb.
             Slain by a two-headed ogre
             ... wielding a +0 giant spiked club
              (21 damage)
             ... on level 10 of the Dungeon.
             The game lasted 00:22:28 (4458 turns).

Lutefisk the Unseen (Vine Stalker Brigand)          Turns: 4458, Time: 00:22:29

Health: 0/63       AC: 11    Str: 14    XL:     11   Next: 17%
Magic:  0/15       EV: 12    Int: 11    God:    Makhleb [***...]
Gold:   610        SH:  6    Dex: 20    Spells: 10/10 levels left

rFire   + . .      SeeInvis .   a - +2 dagger (elec)
rCold   + . .      Faith    +   C - +0 buckler
rNeg    + . .      Spirit   +   P - +3 leather armour {rN+}
rPois   .          Reflect  .   (no helmet)
rElec   .          Harm     .   D - scarf {rC+ rF+}
rCorr   .          Rampage  .   w - +0 pair of gloves
Will    ++...                   (no boots)
Stlth   ++++++....              x - amulet "Botoffo" {Faith Contam Will+ Slay+3}
HPRegen 1.00/turn               k - +4 ring of protection
MPRegen 0.14/turn               K - +4 ring of slaying

@: about to teleport
A: fangs 3, regeneration 1, magic shield, antimagic bite, no potion heal 2
a: Renounce Religion, Minor Destruction, Lesser Servant of Makhleb


You were on level 10 of the Dungeon.
You worshipped Makhleb.
Makhleb was most pleased with you.
You visited 3 branches of the dungeon, and saw 12 of its levels.

You collected 610 gold pieces.

Inventory:

Hand Weapons
 a - a +2 dagger of electrocution (weapon)
 n - a +4 dagger
 L - a +5 scimitar
Missiles
 d - 20 poisoned darts (quivered)
 G - 4 boomerangs
Armour
 c - a +0 cloak
 w - a +0 pair of gloves (worn)
 C - a +0 buckler (worn)
 D - a scarf of resistance (worn)
 O - a +2 scale mail of cold resistance
 P - a +3 leather armour of positive energy (worn)
Magical Staves
 m - a staff of conjuration
Jewellery
 k - a +4 ring of protection (left hand)
 u - a ring of ice
 x - the amulet "Botoffo" (around neck) {Faith Contam Will+ Slay+3}
   (You found it on level 4 of the Dungeon)

   [amulet of faith]

   It allows you to gain divine favour quickly.
   Slay:      It affects your accuracy & damage with ranged weapons and melee
   (+3).
   Contam:    It causes magical contamination when unequipped.
   Will:      It increases your willpower.
 K - a +4 ring of slaying (right hand)
 N - an amulet of reflection
 T - a ring of protection from cold
Wands
 b - a wand of flame (9)
 y - a wand of polymorph (3)
 H - a wand of acid (7)
 I - a wand of paralysis (9)
 U - a wand of iceblast (3)
Scrolls
 g - 5 scrolls of identify
 h - 2 scrolls of blinking {unknown}
 i - 3 scrolls of immolation {unknown}
 o - 2 scrolls of enchant weapon {unknown}
 r - 3 scrolls of teleportation
 s - a scroll of noise {unknown}
 z - 2 scrolls of poison {unknown}
 F - a scroll of vulnerability {unknown}
 J - a scroll of fear {unknown}
 Q - 2 scrolls of amnesia {unknown}
Potions
 f - 6 potions of curing {unknown}
 j - 3 potions of resistance {unknown}
 l - 2 potions of flight {unknown}
 p - 2 potions of heal wounds {unknown}
 q - a potion of berserk rage {unknown}
 t - 3 potions of brilliance {unknown}
 v - a potion of cancellation {unknown}
 A - a potion of haste {unknown}
 B - a potion of degeneration {unknown}
 E - a potion of magic {unknown}
 M - a potion of mutation {unknown}
 S - a potion of attraction {unknown}
Miscellaneous
 R - a lightning rod (4/4)


   Skills:
 * Level 9.9 Fighting
 - Level 1.7 Short Blades
 - Level 2.0 Throwing
 - Level 2.0 Dodging
 - Level 15.0 Stealth
 - Level 4.0 Shields
 - Level 4.0 Invocations
 - Level 2.0 Evocations


You had 10 spell levels left.
You didn't know any spells.
Your spell library contained the following spells:

 Spells                   Type           Power      Damage    Failure   Level
 Scorch                   Fire           0%         2d5       65%         2
 Call Canine Familiar     Summ           0%         N/A       87%         3
 Ozocubu's Armour         Ice            0%         N/A       87%         3
 Portal Projectile        Hex/Tloc       0%         N/A       87%         3
 Flame Wave               Conj/Fire      0%         2d4       99%         4
 Leda's Liquefaction      Hex/Erth       0%         N/A       99%         4
 Metabolic Englaciation   Hex/Ice        0%         N/A       100%        5
 Simulacrum               Ice/Necr       0%         N/A       100%        6
 Summon Cactus Giant      Summ           0%         N/A       100%        6


Dungeon Overview and Level Annotations

Branches:
Dungeon (10/15)            Temple (1/1) D:7             Orc (1/2) D:9
   Lair: D:8-11

Altars:
Ashenzari
Cheibriados
Dithmenos
Elyvilon
Fedhas
Gozag
Hepliaklqana
Kikubaaqudgha
Makhleb
Nemelex Xobeh
Okawaru
Qazlal
Ru
Sif Muna
Trog
Uskayaw
Vehumet
Wu Jian
Yredelemnul
Zin
The Shining One

Shops:
D:2 [   D:6 :   D:9 *


Innate Abilities, Weirdness & Mutations

You have razor-sharp teeth.
Your natural rate of healing is unusually fast.
When hurt, damage is shared between your health and your magic reserves.
Your bite disrupts and absorbs the magic of your enemies.
Potions cannot restore your health.


Message History

You throw a poisoned dart.
The poisoned dart hits the two-headed ogre.
The two-headed ogre looks as sick as possible!
The two-headed ogre is moderately wounded.
The two-headed ogre is no longer moving slowly.
You hit the two-headed ogre.
You kill the two-headed ogre!
Makhleb accepts your kill.
You can now summon a lesser servant of Makhleb.
Things that are here:
a +0 giant club; a +0 dire flail; a two-headed ogre corpse
e - 2 curare-tipped darts (gained 1)
d - 15 poisoned darts (gained 1)
d - 16 poisoned darts (gained 1)
d - 18 poisoned darts (gained 2)
d - 20 poisoned darts (gained 2)
A two-headed ogre comes into view.
It is wielding two +0 giant spiked clubs.
Found a stone staircase leading up.
Throw: 2 darts (curare)
Press: ? - help, Q - select action, (/) - cycle Shift-Dir - straight line, f - two-headed ogre
Aim: a two-headed ogre, wielding two +0 giant spiked clubs (82% to hit)
You throw a curare-tipped dart.
The curare-tipped dart barely misses the two-headed ogre.
The two-headed ogre misses you.
The two-headed ogre hits you with a +0 giant spiked club!
Throw: dart (curare)
Press: ? - help, Q - select action, (/) - cycle Shift-Dir - straight line, f/p - two-headed ogre
Aim: a two-headed ogre, wielding two +0 giant spiked clubs (82% to hit)
You throw a curare-tipped dart.
The curare-tipped dart completely misses the two-headed ogre.
Unknown command.
As you read the scroll labelled BIACIH OFER, it crumbles to dust.
It is a scroll of identify.
r - 4 scrolls of teleportation The two-headed ogre closely misses you.
The two-headed ogre hits you with a +0 giant spiked club!
As you read the scroll of teleportation, it crumbles to dust.
You feel strangely unstable.
The two-headed ogre hits you with a +0 giant spiked club!! x2
You die...

##### ##...######
########## ##.#@O...<.(
.........####.##.##.....
#.####..............#.##
#.## ###.####.##.##.. #
...## #... ....#..
###.###########...## #
#)....# #### ###.###.#
...####.######


You could see a two-headed ogre.

Vanquished Creatures
  A two-headed ogre (D:10)
  Joseph (D:8)
  An unseen horror (D:10)
  Maggie (D:6)
  A troll (D:10)
  A shadow (D:9)
  Sigmund (D:5)
  A wraith (D:9)
  8 yaks
  A fire bat (D:5)
  Menkaure (D:6)
  Duvessa (D:5)
  2 black bears
  A sky beast (D:7)
  5 orc warriors (D:9)
  3 centaurs
  6 ogres
  A kobold brigand (D:9)
  A phantom (D:6)
  2 bullfrogs
  A necrophage (D:6)
  2 scorpions (D:5)
  12 wights
  6 killer bees
  Dowan (D:5)
  5 howler monkeys
  4 hounds
  2 jellies
  8 orc priests
  2 iguanas
  5 orc wizards (D:9)
  4 gnolls (D:5)
  9 adders
  3 shadow imps
  A white imp (D:7)
  2 dart slugs (D:1)
  26 orcs
  8 ball pythons
  4 bats
  5 endoplasms
  2 giant cockroaches
  8 goblins
  8 hobgoblins
  3 jackals (D:3)
  12 kobolds
  6 quokkas
  3 frilled lizards
  7 rats
199 creatures vanquished.

Notes
Turn   | Place    | Note
-------+----------+-------------------------------------------
     0 | D:1      | Lutefisk the Vine Stalker Brigand began the quest for the
                  | Orb.
     0 | D:1      | Reached XP level 1. HP: 11/11 MP: 2/2
    77 | D:1      | Reached skill level 5 in Stealth
    85 | D:1      | Reached XP level 2. HP: 12/16 MP: 3/3
   367 | D:2      | Reached XP level 3. HP: 15/19 MP: 4/4
   844 | D:2      | Gained mutation: Your natural rate of healing is unusually
                  | fast. [Vine Stalker growth]
   844 | D:2      | Reached XP level 4. HP: 22/25 MP: 5/5
   996 | D:2      | Found Ceoraotz's Armour Boutique.
  1219 | D:3      | Reached XP level 5. HP: 29/29 MP: 6/6
  1224 | D:3      | Reached skill level 6 in Stealth
  1425 | D:4      | Found a snail-covered altar of Cheibriados.
  1427 | D:4      | Found a hide-covered altar of Uskayaw.
  1444 | D:4      | Found a radiant altar of Vehumet.
  1484 | D:4      | Reached skill level 7 in Stealth
  1499 | D:4      | Reached XP level 6. HP: 27/33 MP: 7/7
  1533 | D:4      | Identified the amulet "Botoffo" {Faith Contam Will+ Slay+3}
  1831 | D:5      | Entered Level 5 of the Dungeon
  1845 | D:5      | Reached skill level 8 in Stealth
  1906 | D:5      | Noticed Sigmund
  1909 | D:5      | Found a stormy altar of Qazlal.
  1923 | D:5      | Killed Sigmund
  1924 | D:5      | Reached skill level 5 in Fighting
  1924 | D:5      | Reached XP level 7. HP: 35/39 MP: 6/8
  1959 | D:5      | Noticed a fire bat
  1959 | D:5      | a water moccasin changed into a fire bat
  1964 | D:5      | Killed a fire bat
  1970 | D:5      | Identified the +1 leather armour of Raicrih {Harm Int+4}
  2009 | D:5      | Gained mutation: You have razor-sharp teeth. [Vine Stalker
                  | growth]
  2009 | D:5      | Reached XP level 8. HP: 44/44 MP: 9/9
  2009 | D:5      | Noticed Duvessa
  2009 | D:5      | Noticed Dowan
  2021 | D:5      | Killed Duvessa
  2022 | D:5      | Reached skill level 9 in Stealth
  2023 | D:5      | Killed Dowan
  2059 | D:5      | Reached skill level 10 in Stealth
  2171 | D:5      | Found a sparkling altar of Nemelex Xobeh.
  2411 | D:6      | Noticed Menkaure
  2424 | D:6      | Killed Menkaure
  2425 | D:6      | Reached XP level 9. HP: 42/51 MP: 7/10
  2443 | D:6      | Reached skill level 1 in Dodging
  2511 | D:6      | Noticed Maggie
  2539 | D:6      | Found Ganoatet's Book Emporium.
  2562 | D:6      | Killed Maggie
  2563 | D:6      | Reached skill level 11 in Stealth
  2677 | D:7      | Found a staircase to the Ecumenical Temple.
  2700 | Temple   | Entered the Ecumenical Temple
  2736 | Temple   | Became a worshipper of Makhleb the Destroyer
  2869 | D:7      | Found a glowing golden altar of the Shining One.
  2891 | D:7      | Reached skill level 1 in Shields
  2898 | D:7      | Reached skill level 12 in Stealth
  3253 | D:8      | Found an ancient bone altar of Kikubaaqudgha.
  3277 | D:8      | Found an ornate altar of the Wu Jian Council.
  3353 | D:8      | Noticed Joseph
  3367 | D:8      | Killed Joseph
  3438 | D:8      | Reached XP level 10. HP: 56/56 MP: 11/11
  3460 | D:8      | Reached skill level 13 in Stealth
  3478 | D:8      | Reached * piety under Makhleb
  3575 | D:8      | Reached skill level 14 in Stealth
  3649 | D:9      | Reached skill level 1 in Invocations
  3682 | D:9      | Found Jeub's Fire Supplies.
  3932 | D:9      | Found a bloodstained altar of Trog.
  3999 | D:9      | Reached ** piety under Makhleb
  4083 | D:9      | Found a staircase to the Orcish Mines.
  4098 | Orc:1    | Entered Level 1 of the Orcish Mines
  4098 | Orc:1    | Noticed an ettin
  4258 | D:9      | Reached skill level 15 in Stealth
  4297 | D:10     | Entered Level 10 of the Dungeon
  4353 | D:10     | Killed an unseen horror
  4354 | D:10     | Reached XP level 11. HP: 57/62 MP: 12/15
  4387 | D:10     | Noticed a two-headed ogre
  4417 | D:10     | Killed a two-headed ogre
  4417 | D:10     | Reached *** piety under Makhleb
  4453 | D:10     | Noticed a two-headed ogre
  4458 | D:10     | Slain by a two-headed ogre

Illustrated notes

Levels and vault maps discovered:
D:1:      dpeg_arrival_solitude, layout_basic,
          dreamdust_ecumenical_altar_angels_and_demons, st_stairs_1
D:2:      layout_rooms, serial_shops, shop, minmay_shallow_snake_nest
D:3:      layout_rooms, minmay_misc_feat_nine_boxes
D:4:      layout_basic, old_standard_altar, mainiacjoe_overflow_catwalk_spiral
D:5:      layout_rooms, mainiacjoe_overflow_chevrons,
          nemelex_xobeh_ov_fountains_minmay, uniq_duvessa, uniq_sigmund
D:6:      layout_rooms, nicolae_overflow_hidden_temple, serial_shops,
          nicolae_stop_n_shop_1, uniq_maggie, uniq_menkaure
D:7:      layout_basic, mainiacjoe_overflow_surrounded_room, temple_pool_b,
          nicolae_benzene_ring
D:8:      layout_loops_cross, mainiacjoe_overflow_large_starburst, minivault_22,
          uniq_joseph
D:9:      layout_loops_ring, lightli_temple_of_fire, david_orc_4,
          roderic_nine_men_s_morris, nicolae_shop_fire_sale
          [nicolae_sub_dead_trees]
D:10:     lemuel_insect_pit, layout_loops_ring
Temple:   chequers_temple_sunken
Orc:1:    layout_caves, nicolae_shop_clearance

Skill      XL: |  1  2  3  4  5  6  7  8  9 10 |
---------------+-------------------------------+-----
Stealth        | 5 7 8 10 12 15 | 15.0
Fighting       | 2 3 4 5 6 8 9 |  9.9
Throwing       | 2 |  2.0
Evocations     | 2 |  2.0
Dodging        | 2 |  2.0
Shields        | 3 4 |  4.0
Invocations    | 4 |  4.0
Short Blades   | |  1.7

Action                   |  1- 3 |  4- 6 |  7- 9 | 10-12 || total
-------------------------+-------+-------+-------+-------++-------
Melee: Dagger            |    93 |   129 |   146 |   159 ||   527
       Bite              |    13 |    29 |    51 |    58 ||   151
       Punch             |       |     1 |       |       ||     1
Throw: Dart              |     3 |     2 |    14 |    10 ||    29
       Boomerang         |       |       |     8 |       ||     8
Evoke: Wand              |       |       |     4 |       ||     4
  Use: Scroll            |       |       |       |     2 ||     2
 Stab: Sleeping          |     7 |     9 |    10 |     6 ||    32
       Distracted        |       |       |       |     1 ||     1
Armor: Robe              |    22 |    47 |    34 |       ||   103
       Leather armour    |       |       |       |    52 ||    52
Dodge: Dodged            |    35 |    66 |    60 |    51 ||   212
Block: Buckler           |       |       |    22 |    33 ||    55
